 Seeded DCSS version 0.24-a0-619-gb7544fd (webtiles) character file.

Game seed: 98932591966821238, levelgen mode: deterministic

3139003 Anathematize the Conqueror (level 27, 228/273 HPs)
             Began as a Minotaur Fighter on Sept 16, 2019.
             Was the Champion of Zin.
             Escaped with the Orb
             ... and 5 runes on Sept 18, 2019!
             The game lasted 04:23:13 (75048 turns).

Anathematize the Conqueror (Minotaur Fighter)      Turns: 75048, Time: 04:23:13

Health: 228/273    AC: 45    Str: 29    XL:     27
Magic:  38/38      EV: 28    Int:  5    God:    Zin [******]
Gold:   5178       SH: 29    Dex: 26    Spells: 18/26 levels left

rFire    + . .     SeeInvis +   Y - +9 double sword (holy)
rCold    + + .     Gourm    .   I - +0 large shield
rNeg     + . .     Faith    .   H - +7 gold dragon scales
rPois    +         Spirit   .   m - +2 hat {MR+}
rElec    .         Reflect  .   l - +2 cloak {+Inv}
rCorr    .         Harm     .   a - +2 pair of gloves {Dex+3}
MR       +++++     Clarity  +   S - +0 pair of boots
Stlth    ..........             o - amulet of the Four Winds {rN+ MR+++ Clar}
HPRegen  0.55/turn              X - ring "Buiw" {Str+4 Dex+4 SInv Stlth+}
MPRegen  0.26/turn              A - ring "Zabenecw" {rC+ EV+2}

@: hasted, very quick
A: retaliatory headbutt, horns 2
0: Orb of Zot
}: 5/15 runes: decaying, serpentine, slimy, silver, abyssal
a: Recite, Vitalisation, Imprison, Sanctuary, Donate Gold, Renounce Religion,
Evoke Invisibility


You escaped.
You worshipped Zin.
Zin was exalted by your worship.
You were not hungry.

You visited 11 branches of the dungeon, and saw 55 of its levels.
You visited the Abyss 1 time.
You also visited: Ossuary, Bailey, Ice Cave and Volcano.

You collected 9279 gold pieces.
You spent 3919 gold pieces at shops.
You donated 182 gold pieces to Zin.

Inventory:

Hand Weapons
 v - a +9 antimagic quick blade
 E - a +7 scimitar of flaming
 Y - a +9 double sword of holy wrath (weapon)
Missiles
 b - 19 javelins (quivered)
 N - 4 throwing nets
Armour
 a - a +2 pair of gloves of dexterity (worn)
 l - a +2 cloak of invisibility (worn)
 m - a +2 hat of magic resistance (worn)
 H - +7 gold dragon scales (worn)
 I - a +0 large shield (worn)
 S - a +0 pair of boots (worn)
Jewellery
 c - the amulet of the Air {Inacc +Fly rElec EV+5 RMsl}
   (You found it on level 3 of the Vaults)

   [amulet of inaccuracy]

   It reduces the accuracy of all your attacks.
   It affects your evasion (+5).
   It insulates you from electricity.
   It lets you fly.
   It protects you from missiles.
 o - the amulet of the Four Winds (around neck) {rN+ MR+++ Clar}
   (You bought it in a shop on level 8 of the Dungeon)

   [amulet of nothing]

   It protects you from negative energy.
   It affects your resistance to hostile enchantments.
   It protects you against confusion.
 w - an uncursed ring of resist corrosion
 y - an uncursed ring of protection from cold
 A - the ring "Zabenecw" (right hand) {rC+ EV+2}
   (You took it off a deep elf demonologist on level 3 of the Elven Halls)

   [ring of evasion]

   It affects your evasion (+2).
   It protects you from cold.
 B - the amulet of Vitality {Regen+ HP+15}
   (You found it on level 5 of the Pits of Slime)

   [amulet of regeneration]

   It affects your health (+15).
   It increases your rate of regeneration.
 L - an uncursed ring of flight
 V - an uncursed ring of protection from fire
 X - the ring "Buiw" (left hand) {Str+4 Dex+4 SInv Stlth+}
   (You found it on level 13 of the Dungeon)

   [ring of see invisible]

   It affects your strength (+4).
   It affects your dexterity (+4).
   It lets you see invisible.
   It makes you more stealthy.
 Z - the brooch of Shielding {Reflect SH+8}
   (You bought it in a shop on level 2 of the Orcish Mines)

   [amulet of reflection]

   It shields you and reflects attacks.
   It affects your SH (+8).
Wands
 q - a wand of digging (18)
 F - a wand of acid (45)
Scrolls
 d - 9 scrolls of immolation
 g - 10 scrolls of fog
 j - a scroll of blinking
 k - 4 scrolls of fear
 n - 13 scrolls of teleportation
 s - 3 scrolls of acquirement
 x - 33 scrolls of remove curse
 D - 9 scrolls of magic mapping
 O - a scroll of summoning
 P - 4 scrolls of holy word
 R - 33 scrolls of identify
 W - a scroll of silence
Potions
 e - 5 potions of flight
 h - 2 potions of haste
 i - 21 potions of curing
 p - 4 potions of might
 r - 3 potions of agility
 t - 3 potions of ambrosia
 u - 15 potions of heal wounds
 z - 16 potions of lignification
 C - 7 potions of mutation
 G - 3 potions of cancellation
 K - 3 potions of invisibility
 M - 5 potions of resistance
 Q - a potion of magic
 U - 13 potions of brilliance
Comestibles
 f - 106 rations


   Skills:
 O Level 27 Fighting
 + Level 19.2 Long Blades
 + Level 25.4 Armour
 + Level 23.5 Dodging
 + Level 26.7 Shields
 * Level 24.9 Invocations


You had 18 spell levels left.
You knew the following spells:

 Your Spells              Type           Power        Failure   Level  Hunger
a - Apportation           Tloc           #.....       98%         1    ##.....
b - Blink                 Tloc           N/A          99%         2    ###....
c - Swiftness             Chrm/Air       #.......     99%         2    ###....
d - Summon Butterflies    Summ           #.......     98%         1    ##.....
e - Shroud of Golubria    Chrm/Tloc      #.....       99%         2    ###....

Your spell library contained the following spells:

 Spells                   Type           Power        Failure   Level  Hunger
 Animate Skeleton         Necr           N/A          98%         1    ##.....
 Beastly Appendage        Tmut           #.....       98%         1    ##.....
 Confusing Touch          Hex            #.....       98%         1    ##.....
 Corona                   Hex            #......      98%         1    ##.....
 Flame Tongue             Conj/Fire      #....        98%         1    ##.....
 Freeze                   Ice            #...         98%         1    ##.....
 Magic Dart               Conj           #...         98%         1    ##.....
 Pain                     Necr           #...         98%         1    ##.....
 Sandblast                Erth           #.....       98%         1    ##.....
 Shock                    Conj/Air       #...         98%         1    ##.....
 Sting                    Conj/Pois      #...         98%         1    ##.....
 Summon Small Mammal      Summ           #...         98%         1    ##.....
 Call Imp                 Summ           #.......     99%         2    ###....
 Corpse Rot               Necr           N/A          99%         2    ###....
 Ensorcelled Hibernation  Hex/Ice        #.....       99%         2    ###....
 Passwall                 Tmut/Erth      #.......     99%         2    ###....
 Poisonous Vapours        Pois/Air       #.....       99%         2    ###....
 Searing Ray              Conj           #.....       99%         2    ###....
 Slow                     Hex            #.......     99%         2    ###....
 Sticks to Snakes         Tmut           #.......     99%         2    ###....
 Sublimation of Blood     Necr           #.........   99%         2    ###....
 Throw Flame              Conj/Fire      #.....       99%         2    ###....
 Throw Frost              Conj/Ice       #.....       99%         2    ###....
 Call Canine Familiar     Summ           #.......     100%        3    ####...
 Confuse                  Hex            #.......     100%        3    ####...
 Conjure Flame            Conj/Fire      #.......     100%        3    ####...
 Dazzling Spray           Conj/Hex       #.....       100%        3    ####...
 Gell's Gravitas          Tloc           #.........   100%        3    ####...
 Ignite Poison            Fire/Tmut/Pois #.......     100%        3    ####...
 Inner Flame              Hex/Fire       #.......     100%        3    ####...
 Lesser Beckoning         Tloc           #.........   100%        3    ####...
 Mephitic Cloud           Conj/Pois/Air  #.......     100%        3    ####...
 Ozocubu's Armour         Chrm/Ice       #.......     100%        3    ####...
 Portal Projectile        Hex/Tloc       #.....       100%        3    ####...
 Regeneration             Chrm/Necr      #.........   100%        3    ####...
 Spectral Weapon          Hex/Chrm       #.......     100%        3    ####...
 Spider Form              Tmut/Pois      #.........   100%        3    ####...
 Static Discharge         Conj/Air       #.......     100%        3    ####...
 Stone Arrow              Conj/Erth      #.....       100%        3    ####...
 Summon Guardian Golem    Hex/Summ       #.......     100%        3    ####...
 Teleport Other           Tloc           #.......     100%        3    ####...
 Tukima's Dance           Hex            #.......     100%        3    ####...
 Vampiric Draining        Necr           #.........   100%        3    ####...
 Airstrike                Air            #.........   100%        4    #####..
 Animate Dead             Necr           N/A          100%        4    #####..
 Cause Fear               Hex            #.........   100%        4    #####..
 Force Lance              Conj/Tloc      #.......     100%        4    #####..
 Fulminant Prism          Conj/Hex       #.........   100%        4    #####..
 Ice Form                 Ice/Tmut       #.......     100%        4    #####..
 Iskenderun's Mystic Bla  Conj           #.......     100%        4    #####..
 Leda's Liquefaction      Hex/Erth       #.........   100%        4    #####..
 Olgreb's Toxic Radiance  Pois           #.......     100%        4    #####..
 Petrify                  Tmut/Erth      #.......     100%        4    #####..
 Sticky Flame             Conj/Fire      #.......     100%        4    #####..
 Summon Ice Beast         Ice/Summ       #.......     100%        4    #####..
 Summon Lightning Spire   Summ/Air       #.......     100%        4    #####..
 Throw Icicle             Conj/Ice       #.......     100%        4    #####..
 Alistair's Intoxication  Tmut/Pois      #.......     100%        5    ######.
 Blade Hands              Tmut           #.........   100%        5    ######.
 Bolt of Magma            Conj/Fire/Erth #.........   100%        5    ######.
 Fireball                 Conj/Fire      #.........   100%        5    ######.
 Irradiate                Conj/Tmut      #.........   100%        5    ######.
 Lee's Rapid Deconstruct  Erth           #.........   100%        5    ######.
 Lightning Bolt           Conj/Air       #.........   100%        5    ######.
 Silence                  Hex/Air        #.........   100%        5    ######.
 Summon Forest            Summ/Tloc      #.........   100%        5    ######.
 Summon Mana Viper        Hex/Summ       #.......     100%        5    ######.
 Venom Bolt               Conj/Pois      #.........   100%        5    ######.
 Yara's Violent Unravell  Hex/Tmut       #.........   100%        5    ######.
 Bolt of Fire             Conj/Fire      #.........   100%        6    #######
 Conjure Ball Lightning   Conj/Air       #.........   100%        6    #######
 Darkness                 Hex            #.........   100%        6    #######
 Deflect Missiles         Chrm/Air       #.........   100%        6    #######
 Dispersal                Tloc           #.........   100%        6    #######
 Hydra Form               Tmut           #.........   100%        6    #######
 Invisibility             Hex            #.......     100%        6    #######
 Iron Shot                Conj/Erth      #.........   100%        6    #######
 Poison Arrow             Conj/Pois      #.........   100%        6    #######
 Statue Form              Tmut/Erth      #........    100%        6    #######
 Dragon Form              Tmut           #.........   100%        7    #######
 Haunt                    Necr/Summ      #.........   100%        7    #######
 Summon Hydra             Summ           #.........   100%        7    #######
 Borgnjor's Revivificati  Necr           #.........   100%        8    #######
 Chain Lightning          Conj/Air       #.........   100%        8    #######
 Controlled Blink         Tloc           N/A          100%        8    #######
 Death's Door             Chrm/Necr      #.........   100%        8    #######
 Discord                  Hex            #.........   100%        8    #######
 Disjunction              Tloc           #.........   100%        8    #######
 Infestation              Necr           #.........   100%        8    #######
 Lehudib's Crystal Spear  Conj/Erth      #.........   100%        8    #######
 Necromutation            Tmut/Necr      #.........   100%        8    #######
 Fire Storm               Conj/Fire      #.........   100%        9    #######
 Glaciate                 Conj/Ice       #.........   100%        9    #######
 Shatter                  Erth           #.........   100%        9    #######
 Tornado                  Air            #.........   100%        9    #######
 Passage of Golubria      Tloc           Unusable     N/A         4    N/A

Dungeon Overview and Level Annotations

Branches:
Dungeon (15/15)            Temple (1/1) D:4            Lair (6/6) D:11
  Swamp (4/4) Lair:4        Snake (4/4) Lair:4        Slime (5/5) Lair:6
    Orc (2/2) D:11            Elf (3/3) Orc:2        Vaults (5/5) D:13
  Crypt (0/3) Vaults:3     Depths (5/5) D:15            Zot (5/5) Depths:5
Ossuary (visited)          Bailey (visited)           IceCv (visited)
Volcano (visited)

Altars:
Ashenzari
Cheibriados
Dithmenos
Elyvilon
Fedhas
Gozag
Hepliaklqana
Kikubaaqudgha
Makhleb
Nemelex Xobeh
Okawaru
Qazlal
Ru
Sif Muna
Trog
Uskayaw
Vehumet
Wu Jian
Xom
Yredelemnul
Zin
The Shining One
Beogh

Shops:
D:4 *   D:8 *=*}   D:9 !   D:13 *   D:14 }   D:15 [   Orc:2 =*[(   Snake:1 (
Vaults:3 %   Depths:2 ?   Depths:3 ?:

Portals:
Hell: Depths:1 Depths:2 Depths:3 Depths:4 Depths:5
Abyss: Depths:2 Depths:4
Pandemonium: Depths:3
Ziggurat: Depths:2
Trove: D:12 (give 4 potions of resistance)

Annotations:
D:6 exclusion: downstairs
D:9 exclusion: downstairs
Swamp:2 exclusion: 2 downstairs
Snake:3 3 runed translucent doors, Siddir's ghost, journeyman MiBe
Orc:1 2 transporters
Depths:5 exclusion: door
Zot:1 3 runed translucent doors, exclusion: 3 doors, Toelubet's ghost, veteran CeHu
Zot:2 2 runed translucent doors, exclusion: 2 doors, Muataran's ghost, veteran MiMo


Innate Abilities, Weirdness & Mutations

You reflexively headbutt those who attack you in melee.
You have a pair of horns on your head.


Message History

Evoke which item? (* to show all) (? for menu, Esc to quit)
Aiming: Dig
Press: ? - help, Shift-Dir - straight line A rock wall.
This square is covered in magical glow.
The rock shatters into small pieces.
A blizzard demon comes into view.
You hit the blizzard demon but do no damage.
You block the blizzard demon's attack. x2
You slice the blizzard demon!!
The blizzard demon convulses.
You headbutt the blizzard demon!
The blizzard demon is heavily wounded.
You hit the blizzard demon.
The blizzard demon convulses.
You headbutt the blizzard demon, but do no damage.
The blizzard demon is heavily wounded.
You block the blizzard demon's attack. The blizzard demon barely misses you.
You slice the blizzard demon!!
The blizzard demon convulses!!
You kill the blizzard demon!
There is a staircase leading out of the dungeon here.
You have escaped!

.###.##.....#..........####
##. .....########.........##
##.. .##### #.......#### #...
.# ########......## ###... .#
#......#..##.# ########....#
.#
#......#....#####....#...####
.# #......#.......#..##...###
.# #......#...........######
.#
#....).#....@.###.......###
##
#.......##.....####.......##
# #........####...#
###......# #
###.#.##.######### ##.....# #
#..###.........# ###.### #
##.## #########.# #.# # ##..#
#.# #.# # ##.#.# #.#######.##
# ##.##.# #..........#


There were no monsters in sight!

Vanquished Creatures
  the Royal Jelly (Slime:5)
  Dissolution (Slime:5)
  Mara (Swamp:3)
  Mennas (Vaults:2)
  6 orbs of fire
  4 ancient liches
  Sojobo (Vaults:2)
  9 Killer Klowns
  Bai Suzhen (Elf:3)
  the Lernaean hydra (Swamp:4)
  Frederick (Depths:4)
  3 caustic shrikes
  A curse toe (Zot:1)
  Margery (Vaults:2)
  11 golden dragons
  the Enchantress (Depths:2)
  3 bone dragons
  Nikola (Swamp:1)
  A profane servitor (Abyss:3)
  7 electric golems
  4 liches
  2 Hell Sentinels (Depths:3)
  21 tentacled monstrosities
  27 Orb Guardians
  A deep elf master archer (Elf:3)
  17 titans
  14 quicksilver dragons
  23 acid blobs
  Frances (Swamp:2)
  4 deep elf blademasters
  An Executioner (Abyss:3)
  9 tentacled starspawn (Abyss:3)
  13 death cobs
  18 shadow dragons
  A thorn hunter (Swamp:3)
  9 tengu reavers
  Gastronok (Lair:2)
  6 sphinxes
  Roxanne (Swamp:3)
  11 fire giants
  9 azure jellies
  7 nagarajas
  27 storm dragons
  5 draconian monks
  A revenant (Abyss:3)
  A daeva (Abyss:3)
  10 frost giants
  4 iron dragons
  2 orc warlords
  Aizul (Snake:3)
  6 draconian knights
  8 ghost moths
  A cacodemon (Abyss:3)
  6 draconian scorchers
  8 deep elf sorcerers
  16 vault wardens
  11 draconian shifters
  2 angels
  11 draconian annihilators
  7 draconian stormcallers
  20 stone giants
  6 deep elf elementalists
  23 ironheart preservers
  3 spriggan defenders (Depths:2)
  2 vampire knights
  29 very ugly things
  3 war gargoyles
  2 ophanim (Abyss:3)
  31 large abominations
  2 entropy weavers
  Azrael (Elf:2)
  19 purple draconians
  13 yellow draconians
  15 black draconians
  5 spark wasps
  5 deep elf annihilators
  6 deep elf demonologists
  A dire elephant (Abyss:3)
  A lorocyproca (Depths:3)
  16 green draconians
  14 red draconians
  16 white draconians
  Snorg (D:10)
  11 death oozes
  9 deep elf death magi
  2 green deaths (Abyss:3)
  14 fire dragons
  10 ettins
  16 great orbs of eyes
  4 blizzard demons
  A merfolk impaler (Depths:1)
  4 jiangshi
  17 yaktaur captains
  2 deep elf high priests
  13 ice dragons
  A caustic shrike simulacrum (Depths:1)
  A great orb of eyes (shapeshifter) (Depths:4)
  24 hydras
  Harold (D:11)
  38 vault guards
  14 naga warriors
  13 anacondas
  8 rakshasas
  An anaconda (shapeshifter) (Depths:2)
  A hell beast (D:8)
  A quicksilver dragon skeleton (Abyss:2)
  3 spriggan air magi
  8 centaur warriors
  11 alligators
  A satyr (Abyss:3)
  49 two-headed ogres
  37 dancing weapons
  2 death knights
  Erica (D:10)
  A death yak (Lair:6)
  2 shambling mangroves (Abyss:3)
  14 ogre magi
  7 deep troll shamans
  4 hell hogs
  2 shock serpents (Snake:1)
  A titan zombie (Abyss:3)
  2 vampire magi
  5 tengu warriors
  6 thrashing horrors
  Urug (Orc:2)
  4 spriggan berserkers
  7 deep troll earth magi
  2 orc high priests
  3 soul eaters
  4 hell knights (Vaults:2)
  10 naga sharpshooters
  21 deep elf knights
  5 sixfirhies
  2 sun demons
  A fire crab (shapeshifter) (Depths:2)
  3 shadow wraiths
  8 glowing orange brains
  2 iron trolls (Depths:1)
  11 wretched stars
  An unseen horror (shapeshifter) (Vaults:3)
  2 spatial maelstroms (Abyss:3)
  A salamander mystic (Snake:3)
  8 skeletal warriors
  A death drake (shapeshifter) (Vaults:3)
  2 unseen horrors
  A sea snake (shapeshifter) (Depths:2)
  8 naga ritualists
  8 sea snakes (Snake:4)
  16 deep elf archers
  An infernal demonspawn (Depths:3)
  A shadow demon (Abyss:3)
  A torturous demonspawn (Depths:3)
  10 wizards
  3 flayed ghosts
  13 ironbrand convokers
  22 deep trolls
  An obsidian statue (Depths:1)
  3 phantasmal warriors (Vaults:4)
  A sphinx zombie (Vaults:1)
  7 necromancers
  11 swamp dragons
  4 harpies (Vaults:4)
  12 mana vipers
  17 orc knights
  A stone giant zombie (Depths:1)
  59 deep elf magi
  5 shining eyes
  A cyclops (shapeshifter) (Depths:1)
  61 ugly things
  8 orc sorcerers
  5 wolf spiders
  8 cyclopes
  118 slime creatures
  6 salamanders
  A frost giant skeleton (Vaults:5)
  17 moths of wrath
  5 toenail golems (Volcano)
  6 worldbinders (Abyss:3)
  A water nymph (Abyss:3)
  2 manticores (shapeshifter)
  4 rust devils
  A moth of wrath (shapeshifter) (Abyss:3)
  4 elephants (Lair:6)
  Maurice (D:12)
  17 vault sentinels
  5 manticores
  3 apocalypse crabs (Abyss:3)
  A torpor snail (shapeshifter) (Vaults:5)
  Psyche (D:9)
  12 naga magi
  31 black mambas
  3 guardian serpents
  An eye of devastation (Slime:5)
  5 orange demons (Abyss:3)
  6 centaur skeletons
  16 spiny frogs
  10 smoke demons (Abyss:3)
  A gargoyle (D:12)
  3 torpor snails
  A yaktaur zombie (Vaults:5)
  3 komodo dragons
  A kobold demonologist (Bailey)
  A komodo dragon (shapeshifter) (Vaults:5)
  A rime drake (Lair:4)
  A yaktaur (shapeshifter) (Depths:2)
  13 freezing wraiths
  25 small abominations
  A tormentor (D:4)
  5 efreet
  41 yaktaurs
  A guardian mummy (D:12)
  3 ice devils
  A yaktaur skeleton (Depths:1)
  7 ancient zymes
  A jumping spider (Vaults:4)
  5 trolls
  3 tengu conjurers
  3 meliai
  3 red devils
  A meliai (shapeshifter) (Vaults:5)
  A polar bear (shapeshifter) (D:15)
  A troll (shapeshifter) (Depths:4)
  2 jumping spiders (shapeshifter)
  4 polar bears
  9 tyrant leeches
  15 hornets
  A shadow dragon simulacrum (Vaults:5)
  A wind drake (shapeshifter) (Elf:2)
  18 blink frogs
  19 raiju
  A blink frog (shapeshifter) (Depths:1)
  13 hippogriffs
  11 bog bodies
  3 dream sheep (Lair:6)
  A meliai zombie (D:13)
  2 human simulacra
  An ice dragon zombie (Depths:1)
  Sigmund (D:3)
  2 shadows
  2 flying skulls
  37 starcursed masses
  A spriggan (shapeshifter) (Vaults:4)
  8 water elementals
  2 air elementals (Elf:1)
  6 ynoxinuls
  3 redbacks (Vaults:4)
  A tarantella (Vaults:3)
  An ettin skeleton (Depths:1)
  60 yaks
  16 spriggans
  5 wraiths
  A human (D:8)
  A vampire (D:12)
  7 basilisks
  4 wyverns
  Grum (D:8)
  11 neqoxecs
  8 fire elementals
  11 golden eyes
  8 chaos spawn
  A steam dragon (Lair:4)
  A human (shapeshifter) (Depths:3)
  2 hungry ghosts
  A soldier ant (D:12)
  3 spatial vortices (Abyss:3)
  20 vampire mosquitoes
  Menkaure (D:5)
  14 swamp worms
  7 wargs
  An ogre zombie (Vaults:1)
  62 nagas
  Edmund (D:4)
  3 acid dragons
  6 insubstantial wisps (Abyss:2)
  A naga (shapeshifter) (Depths:2)
  11 water moccasins
  8 porcupines
  2 hell hounds (Elf:2)
  51 orc warriors
  11 swamp drakes
  10 ice beasts
  9 sky beasts
  10 black bears
  6 eyes of draining
  A phantom (D:13)
  A tengu (shapeshifter) (Vaults:4)
  9 boggarts
  25 wolves
  41 ogres
  15 crocodiles
  3 human skeletons
  17 centaurs
  A manticore skeleton (Abyss:3)
  Blork the orc (D:4)
  An elf zombie (Ossuary)
  5 big kobolds
  A big kobold (shapeshifter) (Depths:3)
  17 bullfrogs
  A bullfrog (shapeshifter) (Vaults:5)
  A deep troll simulacrum (Vaults:1)
  5 earth elementals
  3 gnoll sergeants (D:5)
  A scorpion (D:4)
  A water moccasin skeleton (D:7)
  4 killer bees (D:9)
  9 wights
  10 electric eels
  5 howler monkeys
  19 crimson imps
  8 hounds
  2 quasits
  2 centaur zombies
  2 bullfrog zombies
  9 iron imps
  9 jellies
  27 orc wizards
  2 bullfrog skeletons
  17 orc priests
  Jessica (D:3)
  A human zombie (Ossuary)
  3 iguanas
  Ijyb (D:5)
  Natasha (thrice) (D:3)
  11 worker ants
  3 hound skeletons
  2 mummies (Ossuary)
  2 worker ant zombies
  12 gnolls
  13 adders
  5 shadow imps
  8 white imps
  4 ufetubi
  4 oozes
  3 adder skeletons
  2 adder zombies (Ossuary)
  A worm (D:4)
  2 dart slugs
  5 leopard geckos
  98 orcs
  7 bats
  6 giant cockroaches
  19 goblins
  20 hobgoblins
  11 jackals
  5 quokkas
  2 ball pythons
  4 frilled lizards
  A goblin zombie (Ossuary)
  11 hobgoblin zombies (Ossuary)
  30 kobolds
  12 kobold zombies (Ossuary)
  A leopard gecko skeleton (D:4)
  7 orc zombies (Ossuary)
  2 quokka zombies (D:5)
  10 rats
  A rat zombie (Ossuary)
  A bush (Lair:6)
  A crawling corpse (Elf:1)
  2 fungi
  A lurking horror (Abyss:3)
  A pillar of salt (Abyss:3)
  2 plants
  11 starspawn tentacles (Abyss:3)
2937 creatures vanquished.

Vanquished Creatures (collateral kills)
  A titan (Vaults:5)
  A tengu reaver (Vaults:5)
  A vault warden (Vaults:5)
  An ironheart preserver (Vaults:5)
  2 yaktaur captains (Vaults:5)
  A centaur warrior (Vaults:2)
  5 vault guards
  A two-headed ogre (Vaults:3)
  An ogre mage (Vaults:3)
  2 shambling mangroves (Swamp:3)
  2 deep elf archers
  An orc knight (Vaults:5)
  3 ironbrand convokers
  2 deep elf magi (Elf:3)
  A vault sentinel (Vaults:2)
  A spiny frog (Swamp:3)
  3 yaktaurs
  A tyrant leech (Swamp:3)
  4 slime creatures (Vaults:3)
  3 hornets
  A spriggan (Swamp:3)
  An ogre (Vaults:5)
39 creatures vanquished.

Vanquished Creatures (others)
  A deep elf master archer (Elf:3)
  An ironheart preserver (Vaults:5)
  A deep elf high priest (Elf:3)
  A yaktaur captain (Depths:3)
  A fire dragon (Vaults:4)
  2 centaur warriors
  A hell hog (Abyss:2)
  A soul eater (Abyss:3)
  A naga sharpshooter (Snake:2)
  A sixfirhy (Abyss:3)
  A manticore (D:15)
  A deep elf mage (Elf:3)
  An orange demon (Abyss:3)
  13 yaktaurs
  A troll (Vaults:5)
  A blink frog (Abyss:3)
  An air elemental (Abyss:3)
  A starcursed mass (Abyss:3)
  A hungry ghost (Abyss:3)
  A large abomination (Abyss:3)
  An eye of draining (Abyss:3)
  An ogre (Depths:1)
  2 centaurs
  3 small abominations (Abyss:3)
  A white imp (Depths:1)
  4 orcs
  2 briar patches (Swamp:3)
  24 fungi
  3 lurking horrors (Abyss:3)
  30 plants
  19 starspawn tentacles (Abyss:3)
123 creatures vanquished.

Grand Total: 3099 creatures vanquished

Notes
Turn   | Place    | Note
-------+----------+-------------------------------------------
     0 | D:1      | Anathematize the Minotaur Fighter began the quest for the
                  | Orb.
     0 | D:1      | Reached XP level 1. HP: 19/19 MP: 0/0
   203 | D:1      | Reached XP level 2. HP: 26/27 MP: 1/1
  1066 | D:2      | Reached skill level 4 in Fighting
  1089 | D:2      | Reached XP level 3. HP: 33/33 MP: 2/2
  1159 | D:2      | Found a basalt altar of Yredelemnul.
  1280 | D:2      | You fall into a shaft and drop 2 floors!
  1365 | D:4      | Noticed Blork the orc
  1371 | D:4      | Killed Blork the orc
  1371 | D:4      | Reached skill level 1 in Dodging
  1371 | D:4      | Reached XP level 4. HP: 41/41 MP: 3/3
  1405 | D:4      | Reached XP level 5. HP: 44/47 MP: 4/4
  1577 | D:4      | Found a staircase to the Ecumenical Temple.
  1587 | Temple   | Entered the Ecumenical Temple
  1695 | Temple   | Became a worshipper of the Shining One
  1894 | D:4      | Found Kaguidimm's Assorted Antiques.
  1897 | D:4      | Noticed Edmund
  1911 | D:4      | Killed Edmund
  1911 | D:4      | Reached skill level 5 in Long Blades
  1911 | D:4      | Reached XP level 6. HP: 52/55 MP: 5/5
  1917 | D:4      | Bought a scroll labeled XALEVA WYURE for 30 gold pieces
  1917 | D:4      | Bought a scroll labeled KUORRI QIFOMO for 30 gold pieces
  1917 | D:4      | Bought a scroll labeled PITYOSOYHE for 30 gold pieces
  1948 | D:4      | Found a sand-covered staircase.
  1957 | Ossuary  | Entered an ossuary
  1995 | Ossuary  | Reached * piety under the Shining One
  2059 | Ossuary  | Reached ** piety under the Shining One
  2156 | Ossuary  | Reached skill level 5 in Fighting
  2156 | Ossuary  | Reached skill level 5 in Shields
  2183 | Ossuary  | Reached skill level 5 in Armour
  2187 | Ossuary  | Reached *** piety under the Shining One
  2224 | Ossuary  | Reached skill level 1 in Invocations
  2224 | Ossuary  | Reached XP level 7. HP: 61/61 MP: 6/6
  2929 | D:3      | Found a snail-covered altar of Cheibriados.
  3081 | D:3      | Noticed Jessica
  3086 | D:3      | Killed Jessica
  3113 | D:3      | Found a shattered altar of Ashenzari.
  3251 | D:3      | Found a glowing silver altar of Zin.
  3263 | D:3      | Noticed Natasha
  3266 | D:3      | Killed Natasha
  3458 | D:3      | Noticed Sigmund
  3465 | D:3      | Killed Sigmund
  3465 | D:3      | Reached XP level 8. HP: 69/70 MP: 8/8
  3585 | D:3      | Noticed Natasha
  3590 | D:3      | Killed Natasha
  4080 | D:3      | Noticed Natasha
  4085 | D:3      | Killed Natasha
  4110 | D:5      | Entered Level 5 of the Dungeon
  4120 | D:5      | Reached skill level 6 in Fighting
  4317 | D:5      | Found a hide-covered altar of Uskayaw.
  4597 | D:5      | Reached **** piety under the Shining One
  4827 | D:5      | Noticed Ijyb
  4836 | D:5      | Killed Ijyb
  5139 | D:5      | Reached XP level 9. HP: 67/78 MP: 10/10
  5294 | D:5      | Noticed Menkaure
  5298 | D:5      | Killed Menkaure
  5380 | D:5      | Found a stormy altar of Qazlal.
  5831 | D:6      | Reached skill level 5 in Dodging
  5997 | D:6      | Reached skill level 7 in Fighting
  6298 | D:7      | Noticed a two-headed ogre
  6398 | D:7      | Killed a two-headed ogre
  6980 | D:7      | Reached ***** piety under the Shining One
  6980 | D:7      | Reached XP level 10. HP: 88/88 MP: 12/12
  7252 | D:8      | Found Firoqadi's Jewellery Emporium.
  7421 | D:8      | Found Saehus's Weapon Shop.
  7551 | D:8      | Found Vecuety's Assorted Antiques.
  7812 | D:8      | Reached skill level 5 in Invocations
  7906 | D:8      | Reached skill level 10 in Long Blades
  7916 | D:8      | Found Coexiusk's Assorted Antiques.
  8018 | D:8      | Noticed Grum
  8025 | D:8      | Killed Grum
  8028 | D:8      | Reached skill level 8 in Fighting
  8103 | D:8      | Found Gewiastu's Gadget Shoppe.
  8154 | D:9      | Noticed Psyche
  8157 | D:9      | Killed Psyche
  8186 | D:9      | Noticed a centaur warrior
  8204 | D:9      | Killed a centaur warrior
  8269 | D:9      | Found Ekuetydi's Distillery.
  8437 | D:9      | Found a flagged portal.
  8458 | Bailey   | Entered a bailey
  8482 | Bailey   | Noticed an orc knight
  8504 | Bailey   | Killed an orc knight
  8728 | Bailey   | Found an iron altar of Okawaru.
  8728 | Bailey   | Noticed an orc sorcerer
  8735 | Bailey   | Paralysed by an orc sorcerer for 7 turns
  8744 | Bailey   | Killed an orc sorcerer
  8872 | Bailey   | Reached XP level 11. HP: 74/95 MP: 14/14
  9009 | Bailey   | Noticed an orc knight
  9016 | Bailey   | Killed an orc knight
 10084 | D:10     | Entered Level 10 of the Dungeon
 10132 | D:10     | Reached skill level 9 in Fighting
 10299 | D:10     | Noticed Erica
 10311 | D:10     | Killed Erica
 10351 | D:10     | Noticed Snorg
 10643 | D:10     | Killed Snorg
 11225 | D:11     | Found a staircase to the Lair.
 11408 | D:8      | Bought the amulet of the Four Winds {rN+ MR+++ Clar} for
                  | 614 gold pieces
 11408 | D:8      | Found the amulet of the Four Winds {rN+ MR+++ Clar}
 11557 | D:11     | Noticed a two-headed ogre
 11570 | D:11     | Killed a two-headed ogre
 11570 | D:11     | Reached XP level 12. HP: 103/106 MP: 13/16
 11766 | D:11     | Found a staircase to the Orcish Mines.
 11794 | D:11     | Noticed Harold
 11804 | D:11     | Killed Harold
 12036 | D:11     | Reached skill level 10 in Fighting
 12036 | D:11     | Reached skill level 10 in Shields
 12173 | Lair:1   | Entered Level 1 of the Lair of Beasts
 12326 | Lair:1   | Reached skill level 10 in Armour
 12442 | Lair:1   | Identified the Handbook of Displaced Execration
 12446 | Lair:1   | Learned a level 1 spell: Apportation
 12449 | Lair:1   | Learned a level 2 spell: Blink
 12548 | Lair:1   | Noticed a seven-headed hydra
 12563 | Lair:1   | Killed a two-headed hydra
 13069 | Lair:2   | Noticed Gastronok
 13092 | Lair:2   | Killed Gastronok
 13135 | Lair:2   | Found a frozen archway.
 13151 | IceCv    | Entered an ice cave
 13505 | Lair:2   | Noticed a five-headed hydra
 13514 | Lair:2   | Killed a one-headed hydra
 14164 | Lair:3   | Reached XP level 13. HP: 115/115 MP: 18/18
 14569 | Lair:3   | Reached skill level 11 in Fighting
 15415 | Lair:4   | Found a staircase to the Snake Pit.
 15764 | Lair:4   | Found a staircase to the Swamp.
 16144 | Lair:5   | Reached skill level 10 in Dodging
 16187 | Lair:5   | Identified a scroll of acquirement
 17584 | Lair:6   | Entered Level 6 of the Lair of Beasts
 17730 | Lair:6   | Reached skill level 12 in Fighting
 17858 | Lair:6   | Found a dark tunnel.
 17957 | Volcano  | Entered a volcano
 18013 | Volcano  | Reached XP level 14. HP: 114/126 MP: 20/20
 18812 | Lair:6   | Found a staircase to the Slime Pits.
 18932 | Lair:6   | Reached skill level 10 in Invocations
 19728 | Lair:6   | Reached ****** piety under the Shining One
 20265 | D:12     | Found a portal to a secret trove of treasure.
 20542 | D:12     | Reached skill level 13 in Fighting
 20622 | D:12     | Noticed Maurice
 21169 | D:12     | Killed Maurice
 21236 | D:13     | Found Gyesch's Assorted Antiques.
 21244 | D:13     | Bought an embroidered cloak for 285 gold pieces
 21733 | D:13     | Found a gate to the Vaults.
 21741 | D:13     | Got a scintillating golden ring
 21743 | D:13     | Identified the ring "Buiw" {Str+4 Dex+4 SInv Stlth+} (You
                  | found it on level 13 of the Dungeon)
 21796 | D:13     | Reached XP level 15. HP: 108/136 MP: 22/22
 22624 | D:14     | Found Neloz's Gadget Emporium.
 23060 | Orc:1    | Entered Level 1 of the Orcish Mines
 23239 | Orc:1    | Found a transporter.
 23270 | Orc:1    | Found a roughly hewn altar of Beogh.
 23270 | Orc:1    | Found a transporter.
 23388 | Orc:2    | Entered Level 2 of the Orcish Mines
 23679 | Orc:1    | Found a bloodstained altar of Trog.
 23840 | Orc:2    | Noticed Urug
 23863 | Orc:2    | Killed Urug
 23878 | Orc:2    | Identified a +5 double sword of holy wrath (a +3 double
                  | sword blessed by the Shining One)
 23878 | Orc:2    | Received a gift from the Shining One
 23889 | Orc:2    | Noticed an orc warlord
 23905 | Orc:2    | Killed an orc warlord
 23951 | Orc:2    | Found a roughly hewn altar of Beogh.
 24017 | Orc:2    | Found Leitoph's Antique Armour Emporium.
 24064 | Orc:2    | Found Lomniwuf's Antique Weapon Emporium.
 24232 | Orc:2    | Found Toukk's General Store.
 24252 | Orc:2    | Found a staircase to the Elven Halls.
 24310 | Orc:2    | Found Eratwes's Jewellery Emporium.
 24317 | Orc:2    | Bought the brooch of Shielding {Reflect SH+8} for 1488 gold
                  | pieces
 24317 | Orc:2    | Found the brooch of Shielding {Reflect SH+8}
 24735 | D:15     | Entered Level 15 of the Dungeon
 24735 | D:15     | Found Siqeeb's Armour Emporium.
 24751 | D:15     | Found a shattered altar of Ashenzari.
 25188 | D:15     | Reached skill level 14 in Fighting
 25270 | D:15     | Found a staircase to the Depths.
 25546 | D:15     | Found an iron altar of Okawaru.
 26241 | Swamp:1  | Entered Level 1 of the Swamp
 26466 | Swamp:1  | Noticed a tentacled monstrosity
 26478 | Swamp:1  | Killed a tentacled monstrosity
 26478 | Swamp:1  | Reached XP level 16. HP: 127/146 MP: 23/23
 26484 | Swamp:1  | Reached skill level 15 in Long Blades
 26643 | Swamp:1  | Noticed Nikola
 26658 | Swamp:1  | Killed Nikola
 27104 | Swamp:2  | Noticed Frances
 27118 | Swamp:2  | Killed Frances
 28071 | Swamp:3  | Identified Roxanne's Guide on Transformation
 28071 | Swamp:3  | Noticed Roxanne
 28105 | Swamp:3  | Noticed Mara
 28205 | Swamp:3  | Noticed a thorn hunter
 28269 | Swamp:3  | Noticed Anathematize's illusion
 28270 | Swamp:3  | Killed Mara
 28462 | Swamp:3  | Killed a thorn hunter
 28855 | Swamp:3  | Killed Roxanne
 28964 | Swamp:4  | Entered Level 4 of the Swamp
 29346 | Swamp:4  | Noticed the 27-headed Lernaean hydra
 29357 | Swamp:4  | Killed the 21-headed Lernaean hydra
 29371 | Swamp:4  | Got a decaying rune of Zot
 29414 | Swamp:4  | Reached skill level 15 in Armour
 29432 | Swamp:4  | Reached skill level 15 in Fighting
 29437 | Swamp:4  | Reached skill level 15 in Shields
 29509 | Swamp:4  | Reached XP level 17. HP: 138/156 MP: 25/25
 30025 | Snake:1  | Entered Level 1 of the Snake Pit
 30105 | Snake:1  | Found Huucvyarch's Weapon Shoppe.
 32009 | Snake:3  | Found a runed translucent gate.
 32009 | Snake:3  | Found a runed translucent gate.
 32009 | Snake:3  | Found a runed translucent gate.
 32025 | Snake:3  | Noticed Siddir's ghost (journeyman MiBe)
 32029 | Snake:3  | Learned a level 2 spell: Swiftness
 32194 | Snake:3  | Noticed Aizul
 32215 | Snake:3  | Killed Aizul
 32715 | Snake:4  | Entered Level 4 of the Snake Pit
 33394 | Snake:4  | Reached XP level 18. HP: 157/166 MP: 27/27
 33609 | Snake:4  | Reached skill level 16 in Fighting
 34033 | Snake:4  | Got a serpentine rune of Zot
 34368 | Vaults:1 | Entered Level 1 of the Vaults
 34375 | Vaults:1 | Identified the +2 buckler of a Gauntlet {*Corrode +Inv rF+
                  | rN++} (You found it on level 1 of the Vaults)
 34852 | Vaults:1 | Reached skill level 15 in Invocations
 34871 | Vaults:1 | Reached skill level 15 in Dodging
 36355 | Vaults:2 | Noticed Sojobo
 36519 | Vaults:2 | Killed Sojobo
 36519 | Vaults:2 | Reached XP level 19. HP: 173/174 MP: 29/29
 37283 | Vaults:2 | Noticed Mennas
 37318 | Vaults:2 | Killed Mennas
 37809 | Vaults:2 | Reached skill level 17 in Fighting
 38119 | Vaults:2 | Noticed Margery
 38349 | Vaults:2 | Killed Margery
 39513 | Vaults:3 | Found the amulet of the Air {Inacc +Fly rElec EV+5 RMsl}
 39601 | Vaults:3 | Reached XP level 20. HP: 162/187 MP: 31/31
 39645 | Vaults:3 | Found Eppaggic's Food Shoppe.
 39647 | Vaults:3 | Found a staircase to the Crypt.
 39710 | Vaults:3 | Reached skill level 18 in Fighting
 41451 | Vaults:4 | Reached skill level 19 in Fighting
 41512 | Vaults:4 | Reached XP level 21. HP: 180/198 MP: 32/32
 41768 | Vaults:4 | Identified the +0 pair of gloves of the Zebra {rPois Str+5}
                  | (You found it on level 4 of the Vaults)
 41769 | Vaults:4 | Identified the Reference Book on Torrid Changing
 42411 | Elf:1    | Entered Level 1 of the Elven Halls
 43397 | Elf:2    | Noticed Azrael
 43406 | Elf:2    | Killed Azrael
 43831 | Elf:2    | Reached skill level 20 in Fighting
 43972 | Elf:2    | Found a runed translucent gate.
 43972 | Elf:2    | Found a runed translucent gate.
 43972 | Elf:2    | Found a runed translucent gate.
 44603 | Elf:3    | Entered Level 3 of the Elven Halls
 44955 | Elf:3    | Noticed Bai Suzhen
 44975 | Elf:3    | Killed Bai Suzhen
 45064 | Elf:3    | Learned a level 1 spell: Summon Butterflies
 45067 | Elf:3    | Learned a level 2 spell: Shroud of Golubria
 45507 | Elf:3    | Reached XP level 22. HP: 210/210 MP: 33/33
 45516 | Elf:3    | Identified the ring "Zabenecw" {rC+ EV+2}
 45781 | Elf:3    | Identified the ring "Doiclye" {Ice Int+2}
 45959 | Elf:3    | Identified the +1 pair of gloves "Detoelyv" {Str-4 Int+2
                  | Dex+3} (You found it on level 3 of the Elven Halls)
 46014 | Elf:3    | Identified the Compendium of Harmful Fire
 46020 | Elf:3    | Identified Sif Muna's Grimoire of Shifting Execration
 46029 | Elf:3    | Identified Besiod's Handbook of Virous Summoning
 46386 | Depths:1 | Entered Level 1 of the Depths
 46746 | Depths:1 | Identified the cursed +1 battleaxe of Wixisk {venom, +Blink
                  | rC+ Int+2 SInv}
 47160 | Depths:1 | Found a gateway to Hell.
 47177 | Depths:1 | Reached skill level 21 in Fighting
 47499 | Depths:2 | Found a gateway to a ziggurat.
 47883 | Depths:2 | Found Joivveoq's Magic Scroll Shoppe.
 47891 | Depths:2 | Bought a scroll of blinking for 150 gold pieces
 47891 | Depths:2 | Bought a scroll of silence for 150 gold pieces
 47891 | Depths:2 | Bought a scroll of enchant armour for 150 gold pieces
 47891 | Depths:2 | Bought a scroll of teleportation for 60 gold pieces
 48268 | Depths:2 | Noticed the Enchantress
 48294 | Depths:2 | Killed the Enchantress
 48527 | Depths:2 | Found a one-way gate to the infinite horrors of the Abyss.
 48864 | Depths:3 | Reached XP level 23. HP: 221/221 MP: 30/35
 48870 | Depths:3 | Found a one-way gate leading to the halls of Pandemonium.
 48897 | Depths:3 | Found Loonuom's Book Shoppe.
 48905 | Depths:3 | Found Lafum's Magic Scroll Emporium.
 48912 | Depths:3 | Bought a scroll of blinking for 75 gold pieces
 48912 | Depths:3 | Bought a scroll of enchant armour for 75 gold pieces
 49617 | Depths:3 | Noticed a caustic shrike
 49627 | Depths:3 | Killed a caustic shrike
 49916 | Depths:4 | Noticed a caustic shrike
 49923 | Depths:4 | Killed a caustic shrike
 50017 | Depths:4 | Reached skill level 22 in Fighting
 50088 | Depths:4 | Noticed Frederick
 50102 | Depths:4 | Killed Frederick
 50130 | Depths:4 | Noticed a caustic shrike
 50148 | Depths:4 | Killed a caustic shrike
 51334 | Depths:5 | Entered Level 5 of the Depths
 51401 | Depths:5 | Reached XP level 24. HP: 139/233 MP: 35/35
 52448 | Depths:5 | Reached skill level 23 in Fighting
 52765 | Depths:5 | Found a gate to the Realm of Zot.
 53458 | Vaults:5 | Entered Level 5 of the Vaults
 53566 | Vaults:5 | Identified the cursed +1 spear of the Endless Expanse
                  | {pain, -Tele rC+ Dex+6}
 53851 | Vaults:5 | Identified the ring "Merracur" {Fire rPois rN+ Str-3}
 54071 | Vaults:5 | Identified the amulet "Yce Ocs" {Harm *Drain +Blink MR-
                  | Dex-2 SInv}
 54158 | Vaults:5 | Reached XP level 25. HP: 152/245 MP: 29/35
 54257 | Vaults:5 | Identified the cursed +0 morningstar of Uqidwila {elec,
                  | rF++ rC+ rN+ SInv}
 54566 | Vaults:5 | Identified the cursed +0 dagger of Jorrycwu {freeze, +Blink
                  | rPois Int+4 Dex-4}
 54829 | Vaults:5 | Reached skill level 24 in Fighting
 55286 | Vaults:5 | Noticed an ancient lich
 55307 | Vaults:5 | Killed an ancient lich
 55456 | Vaults:5 | Got a silver rune of Zot
 56125 | D:3      | Fell from the grace of the Shining One
 56125 | D:3      | Became a worshipper of Zin the Law-Giver
 56125 | D:3      | Reached * piety under Zin
 56125 | D:3      | Reached ** piety under Zin
 56125 | D:3      | Reached *** piety under Zin
 56125 | D:3      | Reached **** piety under Zin
 56486 | Depths:2 | Voluntarily entered the Abyss.
 56486 | Zig:24   | Entered Level 24 of a ziggurat
 56675 | Abyss:1  | Reached ***** piety under Zin
 56731 | Abyss:1  | Found a corrupted altar of Lugonu.
 56858 | Tar:1    | Entered Level 1 of Tartarus
 57025 | Abyss:2  | Found a corrupted altar of Lugonu.
 57063 | Zig:11   | Entered Level 11 of a ziggurat
 57344 | Abyss:3  | Found an ornate altar of the Wu Jian Council.
 57491 | Abyss:3  | Reached ****** piety under Zin
 57643 | Abyss:3  | Found a corrupted altar of Lugonu.
 58682 | Abyss:3  | Reached XP level 26. HP: 248/257 MP: 35/35
 58845 | Abyss:3  | Reached skill level 25 in Fighting
 59917 | Abyss:3  | Got an abyssal rune of Zot
 60362 | Depths:2 | Escaped the Abyss
 60565 | Zot:1    | Entered Level 1 of the Realm of Zot
 60922 | Zot:1    | Reached skill level 26 in Fighting
 61596 | Zot:1    | You fall into a shaft and drop 1 floor!
 61992 | Zot:2    | Reached XP level 27. HP: 266/271 MP: 36/36
 62559 | Zot:1    | Found a runed translucent gate.
 62559 | Zot:1    | Found a runed translucent gate.
 62564 | Zot:1    | Noticed Toelubet's ghost (veteran CeHu)
 62565 | Zot:1    | Found a runed translucent gate.
 62761 | Zot:1    | Noticed an orb of fire
 62775 | Zot:1    | Killed an orb of fire
 63700 | Zot:2    | Found a large runed translucent door.
 63821 | Zot:2    | Found a large runed translucent door.
 63825 | Zot:2    | Noticed Muataran's ghost (veteran MiMo)
 64244 | Zot:3    | Reached skill level 27 in Fighting
 64369 | Zot:3    | You fall into a shaft and drop 1 floor!
 64443 | Zot:4    | Noticed an orb of fire
 64468 | Zot:4    | Killed an orb of fire
 66725 | Zot:5    | Entered Level 5 of the Realm of Zot
 67635 | Zot:5    | Noticed an ancient lich
 67654 | Zot:5    | Killed an ancient lich
 67665 | Zot:5    | Noticed an orb of fire
 67695 | Zot:5    | Killed an orb of fire
 67795 | Zot:5    | Noticed an orb of fire
 67815 | Zot:5    | Killed an orb of fire
 68114 | Zot:5    | Noticed an ancient lich
 68126 | Zot:5    | Killed an ancient lich
 68696 | Zot:5    | Noticed an orb of fire
 68722 | Zot:5    | Killed an orb of fire
 69012 | Zot:5    | Noticed an orb of fire
 69045 | Zot:5    | Noticed an ancient lich
 69048 | Zot:5    | Killed an orb of fire
 69054 | Zot:5    | Killed an ancient lich
 69936 | Orc:2    | Bought a pair of glowing gloves for 157 gold pieces
 70158 | D:4      | Bought a pair of embroidered gloves for 225 gold pieces
 70158 | D:4      | Bought a potion of agility for 120 gold pieces
 70373 | Orc:2    | Bought an uncursed ring of resist corrosion for 280 gold
                  | pieces
 70592 | Slime:1  | Entered Level 1 of the Pits of Slime
 72008 | Slime:5  | Entered Level 5 of the Pits of Slime
 72210 | Slime:5  | Noticed Dissolution
 72350 | Slime:5  | Killed Dissolution
 72673 | Slime:5  | Noticed the Royal Jelly
 72712 | Slime:5  | Killed the Royal Jelly
 73372 | Slime:5  | Found the amulet of Vitality {Regen+ HP+15}
 73387 | Slime:5  | Got a crude bone ring
 73388 | Slime:5  | Identified the ring "Loytuics" {*Tele Int-5 Dex+6 Stlth+}
                  | (You found it on level 5 of the Pits of Slime)
 73424 | Slime:5  | Identified the Reference Book on the Birds
 73450 | Slime:5  | Got a slimy rune of Zot
 73451 | Slime:5  | Identified the Handbook of the Circus Animal
 73463 | Slime:5  | Identified Sif Muna's Incunabulum of the Entrancing
                  | Mountains
 74346 | Zot:5    | Got the Orb of Zot
 74374 | Zot:5    | Noticed a seraph
 75048 | D:$      | Escaped with the Orb!

Levels and vault maps discovered:
D:1:      dpeg_arrival_arbitrary_a, layout_basic
D:2:      layout_rooms, serial_park_tiny_pond, yredelemnul_altar_generic
D:3:      layout_loops_cross, cheibriados_altar_1, lemuel_doored_altar,
          first_ration, cheibrodos_ashenzari_chains, uniq_jessica, uniq_sigmund,
          uniq_natasha
D:4:      minmay_razor_zed, layout_basic, minmay_temple_entry_ruins,
          nicolae_ossuary_entry_ruins, serial_corexii_hall,
          corexii_hall_statues_deadend, corexii_hall_statues_u,
          corexii_hall_statues_u, serial_shops, shop, uniq_edmund,
          uniq_blork_the_orc
D:5:      layout_loops_ring, kennysheep_little_box,
          lemuel_coloured_pillars_altar, sword_in_stone, uniq_ijyb,
          uniq_menkaure
D:6:      layout_rooms, serial_park_tiny_pond
D:7:      black_bear_nest_2, layout_loops_corners, kennysheep_generic_room_4
D:8:      layout_basic, serial_shops, shop, shop, shop, shop,
          nicolae_shop_behind_doors, grunt_pizzeria, uniq_grum
D:9:      layout_cross, enter_bailey_6, serial_shops, shop, uniq_psyche
D:10:     layout_loops_ring, uniq_snorg, uniq_erica
D:11:     layout_roguey, due_lair_maze_entry_diamond, orc_0_dummy, uniq_harold
D:12:     layout_basic, nicolae_trove_entry_path_of_doom,
          kennysheep_generic_room_7, uniq_maurice
D:13:     layout_small_grid, erik_vaults_1, serial_shops, shop
D:14:     layout_irregular_city, serial_shops, nicolae_shop_trees,
          abandoned_shop
D:15:     grunt_enter_depths_magical_seal, layout_stronghold, serial_shops,
          shop, chequers_serial_rivers_room_b, hangedman_feature_mirror
Temple:   dpeg_five_rooms_temple
Lair:1:   layout_loops_ring
Lair:2:   layout_gridlike, portal_ice_cave_demonic_guard, grunt_megastairs_2,
          serial_bayou_shore_a, infiniplex_staircase_pool, uniq_gastronok
Lair:3:   layout_chaotic_city
Lair:4:   layout_regular_city, palyth_hydra_swamp_entry,
          minmay_snake_entry_guardpost_medium, infiniplex_staircase_pool_2
Lair:5:   layout_loops_ring, st_stairs_8, wad_woods_river_03, minivault_19,
          hibernation_bobbens, serial_bayou_shore_b
Lair:6:   minmay_lair_end_enchanted_forest, layout_cave_pods,
          nicolae_slime_entry_slimehenge, nicolae_volcano_entry_lava_flow,
          lemuel_fruit_fields
Swamp:1:  layout_falls_marsh, serial_swamp_ruin, evilmike_swamp_ruin_house_6,
          evilmike_swamp_ruin_rubble_2, uniq_nikola
Swamp:2:  layout_falls_marsh, evilmike_swamp_ruin_wall, uniq_frances
Swamp:3:  layout_falls_marsh, hangedman_swamp_blocks, uniq_roxanne, uniq_mara
Swamp:4:  grunt_swamp_rune_castle, layout_basic_swamp
Snake:1:  layout_misc_corridors, serial_shops, shop
Snake:2:  layout_onion_interference
Snake:3:  layout_gridlike, ebering_ghost_rock_garden, nicolae_snake_single_loop,
          st_stairs_4, uniq_aizul
Snake:4:  minmay_snake_end_coiled, layout_concentric_octagons,
          serial_bayou_lagoon_b
Slime:1:  layout_caves
Slime:2:  layout_caves, nicolae_slime_phagocytosis
Slime:3:  layout_caves
Slime:4:  layout_caves
Slime:5:  uniq_dissolution
Orc:1:    gammafunk_beogh_shrine, layout_diamond_mine, basic_altar
Orc:2:    grunt_orc_cross, layout_diamond_mine, mines_bat_river
Elf:1:    layout_gridlike, minivault_28
Elf:2:    layout_rooms, uniq_azrael
Elf:3:    elf_hall_gauntlet_wide, layout_geoelf_octagon, uniq_bai_suzhen
Vaults:1: vaults_room_door_ring, hangedman_vaults_trim, v_misc_29, v_misc_27,
          v_pattern_3, hangedman_vaults_corner_blocks, v_misc_4,
          ontoclasm_vaults_shuriken, hangedman_vaults_slice, vaults_mumra_lcd,
          ontoclasm_vaults_loading_screen, layout_vaults_omnigrid
Vaults:2: hangedman_vaults_corner_blocks, nicolae_vaults_three_branches,
          ontoclasm_vaults_decontamination, v_misc_16, vaults_room_hallway,
          v_misc_29, v_misc_19, dpeg_vaults_monster_row,
          layout_vaults_big_cross, uniq_margery, uniq_sojobo, uniq_mennas
Vaults:3: minmay_crypt_entry_simple_sparse, v_misc_11, v_misc_10,
          v_alt_pattern_6, v_misc_31, hangedman_vaults_cutoff,
          vaults_room_grunt_arrival_ludios, vaults_room_pools, st_lattice,
          nicolae_vaults_gold_heap, vaults_room_pools,
          layout_vaults_chaotic_city, serial_hangedman_research, serial_shops,
          shop_fountains
Vaults:4: st_greater_box_2, ontoclasm_vaults_chip, nicolae_vaults_shelves_hall,
          ontoclasm_vaults_misaligned, nicolae_vaults_circle_grid_a,
          grunt_vaults_funnel, nicolae_vaults_network_s,
          dpeg_vaults_monster_box, ontoclasm_vaults_spin,
          hangedman_vaults_nails, grunt_vaults_hallway_short,
          layout_vaults_maze_bifur
Vaults:5
Depths:1: layout_cave_shapes, minmay_misc_feat_iff,
          grunt_hell_entry_demonic_statue, hangedman_abyss_or_decor_passed,
          nicolae_water_bricks, minmay_misc_feat_cross, minmay_misc_feat_tower,
          minmay_misc_feat_more_columns, grunt_ministairs_8, st_stairs_13
Depths:2: minmay_the_grid_triangle_9x9_rhombus_thin_mashed
          [minmay_the_grid_triangle_9x9_stretched_checkered,
          minmay_the_grid_triangle_9x9_prize_insulated,
          minmay_the_grid_triangle_9x9_zippers_vertical,
          minmay_the_grid_triangle_9x9_thin_v], layout_gridlike,
          enter_ziggurat_b, hell_entry, serial_shops, shop_statue, abyss_entry,
          chequers_serial_rivers_micro_d, uniq_enchantress
Depths:3: minmay_slanted_spiral_squares, layout_cave_shapes,
          hangedman_geh_valley, grunt_pan_entry_zigzag, minmay_staircase_bubble,
          minmay_shoptagon
Depths:4: nicolae_legendary_halls, layout_gridville, serial_bayou_pond_c,
          abyss_entry_small_statue_room, hell_entry, uniq_frederick
Depths:5: grunt_zot_entry_bicorn, layout_twisted_cross, minmay_fountain_box,
          pf_coc_iceberg, nooodl_food_tri
Zot:1:    nicolae_zot_stationary_front, layout_basic, gammafunk_ghost_split,
          hangedman_player_shredder
Zot:2:    layout_gridlike, ebering_ghost_disaster_area
Zot:3:    minmay_elemental_castle, layout_gridlike
Zot:4:    layout_basic
Zot:5:    layout_basic, grunt_ministairs_5

Skill      XL: |  1  2  3  4  5  6  7  8  9 10 11 12 13 14 15 16 17 18 19 20 21 22 23 24 25 26 27 |
---------------+----------------------------------------------------------------------------------+-----
Long Blades    | 3 4 5 6 8 9 11 12 13 14 16 19 | 19.2
Fighting       | 4 5 6 7 8 9 10 12 13 14 15 16 17 19 20 21 22 23 24 26 27 | 27.0
Shields        | 4 5 6 7 8 9 10 12 13 14 15 16 17 18 20 21 22 23 24 25 26 | 26.7
Armour         | 4 5 6 7 8 9 10 12 13 14 15 16 17 18 19 20 21 22 25 | 25.4
Dodging        | 1 2 3 4 5 6 8 9 10 11 12 13 14 15 16 17 18 19 21 23 | 23.5
Invocations    | 1 2 3 4 5 7 8 9 10 11 12 14 15 16 17 18 19 20 24 | 24.9

Action                   |  1- 3 |  4- 6 |  7- 9 | 10-12 | 13-15 | 16-18 | 19-21 | 22-24 | 25-27 || total
-------------------------+-------+-------+-------+-------+-------+-------+-------+-------+-------++-------
Melee: Long sword        |    89 |   147 |   365 |   420 |       |       |       |       |       ||  1021
       Headbutt          |     6 |    23 |    69 |   181 |   360 |   423 |   540 |   659 |  1634 ||  3895
       Scimitar          |       |       |       |   354 |  1119 |   152 |       |       |       ||  1625
       Double sword      |       |       |       |       |   215 |  1112 |  1538 |  1722 |  3812 ||  8399
Throw: Stone             |     2 |     1 |       |       |       |       |       |       |       ||     3
       Dart              |       |       |     2 |    10 |       |       |       |       |       ||    12
       Javelin           |       |       |       |     1 |       |       |       |       |       ||     1
Invok: Divine Shield     |       |       |       |     6 |    16 |     4 |    14 |    19 |     1 ||    60
       Brand Weapon With |       |       |       |       |     1 |       |       |       |       ||     1
       Summon Divine War |       |       |       |       |       |     2 |     4 |     6 |       ||    12
       Cleansing Flame   |       |       |       |       |       |     1 |     2 |     1 |     1 ||     5
       Recite            |       |       |       |       |       |       |       |       |    24 ||    24
       Vitalisation      |       |       |       |       |       |       |       |       |    13 ||    13
Evoke: Wand              |       |       |     4 |    10 |     9 |     6 |     2 |       |     8 ||    39
  Use: Potion            |       |       |     3 |     6 |     1 |     3 |     6 |     5 |    12 ||    36
       Scroll            |       |       |     6 |    16 |    15 |    12 |     7 |    18 |    20 ||    94
 Stab: Confused          |       |       |       |       |       |       |       |       |    21 ||    21
       Paralysed         |       |       |       |       |       |       |       |       |     1 ||     1
  Eat: Chunk             |     2 |     2 |    16 |    22 |    39 |    21 |    33 |    25 |    15 ||   175
       Ration            |       |       |       |     1 |     1 |     4 |       |     2 |    17 ||    25
Armor: Scale mail        |    26 |    46 |     9 |       |       |       |       |       |       ||    81
       Chain mail        |       |       |    13 |       |   186 |   190 |    91 |       |       ||   480
       Plate armour      |       |       |    83 |   185 |   112 |       |       |       |       ||   380
       Storm dragon scal |       |       |       |       |       |       |     1 |   160 |       ||   161
       Gold dragon scale |       |       |       |       |       |       |       |    86 |   647 ||   733
Dodge: Dodged            |    19 |    40 |    68 |   142 |   366 |   460 |   329 |   486 |  1427 ||  3337
       Deflected         |       |       |       |       |       |       |       |     2 |    41 ||    43
Block: Shield            |    46 |    52 |   171 |   337 |   842 |  1136 |    82 |       |       ||  2666
       Reflection        |       |       |       |       |    14 |   119 |    70 |   102 |    11 ||   316
       Large shield      |       |       |       |       |       |       |  1327 |  2145 |  3594 ||  7066
       Rpst.: Long sword |     6 |    18 |    21 |    14 |       |       |       |       |       ||    59
       Scimitar          |       |       |       |    18 |    52 |    14 |       |       |       ||    84
       Double sword      |       |       |       |       |    13 |    63 |    56 |    58 |   199 ||   389

Table legend:
 A = Non-vault XP
 B = Vault XP
 C = Vault XP percentage of total XP
 D = Non-vault monster count
 E = Vault monster count
 F = Vault count percentage of total count
                 A         B        C        D         E       F
            +---------+---------+-------+---------+---------+-------
      Total | 1189951 |  952508 |  44.5 |    2036 |     910 |  30.9
            +---------+---------+-------+---------+---------+-------
        D:1 |      34 |       0 |   0.0 |      20 |       0 |   0.0
        D:2 |      76 |       0 |   0.0 |      19 |       0 |   0.0
        D:3 |     142 |     304 |  68.2 |      22 |       3 |  12.0
        D:4 |     535 |     422 |  44.1 |      23 |      10 |  30.3
        D:5 |    1021 |     663 |  39.4 |      27 |       7 |  20.6
        D:6 |     217 |       0 |   0.0 |      17 |       0 |   0.0
        D:7 |    1688 |     178 |   9.5 |      15 |       2 |  11.8
        D:8 |    1131 |     732 |  39.3 |      18 |       5 |  21.7
        D:9 |    2493 |     448 |  15.2 |      28 |       1 |   3.4
       D:10 |    2534 |    2049 |  44.7 |      36 |       2 |   5.3
       D:11 |    3953 |    2371 |  37.5 |      37 |      11 |  22.9
       D:12 |    7485 |    1108 |  12.9 |      41 |       4 |   8.9
       D:13 |    8635 |    1808 |  17.3 |      31 |       2 |   6.1
       D:14 |   12427 |       0 |   0.0 |      52 |       0 |   0.0
       D:15 |   14538 |    7814 |  35.0 |      34 |      12 |  26.1
     Lair:1 |    4881 |       0 |   0.0 |      21 |       0 |   0.0
     Lair:2 |    3982 |    2755 |  40.9 |      16 |       3 |  15.8
     Lair:3 |    3772 |       0 |   0.0 |      15 |       0 |   0.0
     Lair:4 |    3668 |    3290 |  47.3 |      17 |      10 |  37.0
     Lair:5 |    9046 |     758 |   7.7 |      34 |       3 |   8.1
     Lair:6 |   11430 |    8461 |  42.5 |      31 |      52 |  62.7
    Swamp:1 |   10346 |    3948 |  27.6 |      23 |       1 |   4.2
    Swamp:2 |    5248 |    2448 |  31.8 |      12 |       1 |   7.7
    Swamp:3 |   10937 |    7281 |  40.0 |      24 |       2 |   7.7
    Swamp:4 |    6448 |   22250 |  77.5 |      22 |      33 |  60.0
    Snake:1 |   20123 |       0 |   0.0 |      40 |       0 |   0.0
    Snake:2 |   18299 |       0 |   0.0 |      35 |       0 |   0.0
    Snake:3 |   11737 |    2931 |  20.0 |      17 |       4 |  19.0
    Snake:4 |   25844 |   21130 |  45.0 |      47 |      41 |  46.6
    Slime:1 |    8364 |       0 |   0.0 |      22 |       0 |   0.0
    Slime:2 |    1594 |       0 |   0.0 |       6 |       0 |   0.0
    Slime:3 |   21558 |       0 |   0.0 |      51 |       0 |   0.0
    Slime:4 |   15810 |    1032 |   6.1 |      29 |       1 |   3.3
    Slime:5 |   17293 |   50308 |  74.4 |      24 |      12 |  33.3
      Orc:1 |    1475 |     779 |  34.6 |      23 |       2 |   8.0
      Orc:2 |    1729 |    7079 |  80.4 |      19 |      42 |  68.9
      Elf:1 |   23330 |    6509 |  21.8 |      40 |      12 |  23.1
      Elf:2 |   27933 |   23236 |  45.4 |      42 |      33 |  44.0
      Elf:3 |   17935 |   41361 |  69.8 |      26 |      25 |  49.0
   Vaults:1 |   31079 |   16234 |  34.3 |      48 |      26 |  35.1
   Vaults:2 |   36593 |   36696 |  50.1 |      70 |      25 |  26.3
   Vaults:3 |   34953 |   33880 |  49.2 |      49 |      42 |  46.2
   Vaults:4 |   31546 |   65539 |  67.5 |      55 |      67 |  54.9
   Vaults:5 |   43593 |  119512 |  73.3 |      83 |      85 |  50.6
   Depths:1 |   28136 |    9774 |  25.8 |      44 |      34 |  43.6
   Depths:2 |   36395 |   20401 |  35.9 |      46 |      17 |  27.0
   Depths:3 |   17538 |   25834 |  59.6 |      23 |      27 |  54.0
   Depths:4 |   39633 |   59953 |  60.2 |      39 |      28 |  41.8
   Depths:5 |   45883 |   36365 |  44.2 |      48 |      18 |  27.3
      Zot:1 |   82334 |   54080 |  39.6 |      46 |      26 |  36.1
      Zot:2 |   59562 |   11877 |  16.6 |      37 |       5 |  11.9
      Zot:3 |   81375 |   34043 |  29.5 |      53 |      14 |  20.9
      Zot:4 |   79975 |       0 |   0.0 |      38 |       0 |   0.0
      Zot:5 |   58033 |  173858 |  75.0 |      35 |      43 |  55.1
    Abyss:1 |    9008 |       0 |   0.0 |      16 |       0 |   0.0
    Abyss:2 |    9005 |       0 |   0.0 |      24 |       0 |   0.0
    Abyss:3 |  125619 |   19453 |  13.4 |     226 |      19 |   7.8
    Ossuary |       0 |     257 | 100.0 |       0 |      39 | 100.0
     Bailey |       0 |    3151 | 100.0 |       0 |      41 | 100.0
      IceCv |       0 |    1347 | 100.0 |       0 |       7 | 100.0
    Volcano |       0 |    6801 | 100.0 |       0 |      11 | 100.0
            +---------+---------+-------+---------+---------+-------
